 Dungeon Crawl Stone Soup version 0.21.0-3-g78d12a8 (webtiles) character file.

1054 mopl the Sneak (level 8, -1/41 HPs)
             Began as a Tengu Enchanter on Jan 11, 2018.
             Was a Follower of Dithmenos.
             Slain by an ice beast (6 damage)
             ... on level 6 of the Dungeon.
             The game lasted 00:11:44 (5084 turns).

mopl the Sneak (Tengu Enchanter)                    Turns: 5084, Time: 00:11:44

Health: -1/41      AC:  7    Str: 10    XL:     8   Next: 26%
Magic:  0/13       EV: 13    Int: 17    God:    Dithmenos [*.....]
Gold:   102        SH:  0    Dex: 16    Spells: 1/13 levels left

rFire    . . .     SeeInvis +   a - +1 dagger
rCold    . . .     Gourm    .   (no shield)
rNeg     . . .     Faith    .   v - +0 robe
rPois    .         Spirit   .   y - +3 crown of Dyrovepreva {rElec Int+2 SInv}
rElec    +         Reflect  .   (no cloak)
rCorr    .         Harm     .   i - +1 pair of gloves {archery}
MR       .....                  (boots unavailable)
Stlth    ++++......             (no amulet)
HPRegen  0.13/turn              (no ring)
MPRegen  0.13/turn              (no ring)

@: wreathed by umbra
A: beak, talons 3, able to fly 1
a: Fly, Renounce Religion


You were on level 6 of the Dungeon.
You worshipped Dithmenos.
Dithmenos was aware of your devotion.
You were not hungry.

You visited 1 branch of the dungeon, and saw 6 of its levels.

You collected 206 gold pieces.
You spent 104 gold pieces at shops.

Inventory:

Hand Weapons
 a - a +1 dagger (weapon)
 b - a +0 blowgun
 x - a +0 falchion
Missiles
 u - 10 poisoned needles
Armour
 i - a +1 pair of gloves of archery (worn)
 k - a +0 buckler
 v - a +0 robe (worn)
 y - the +3 crown of Dyrovepreva (worn) {rElec Int+2 SInv}
   (You found it on level 4 of the Dungeon)

   It affects your intelligence (+2).
   It insulates you from electricity.
   It lets you see invisible.
 F - a cursed +0 shield
Wands
 D - a wand of disintegration (9)
Scrolls
 e - 3 scrolls of enchant armour {unknown}
 f - 3 scrolls of remove curse {unknown}
 g - 3 scrolls of blinking {unknown}
 l - 2 scrolls of immolation {unknown}
 n - 2 scrolls of fog {unknown}
 o - 4 scrolls of fear
 p - 4 scrolls of amnesia
 q - a scroll of random uselessness {unknown}
 s - a scroll of noise {unknown}
 t - 4 scrolls of teleportation {unknown}
Potions
 j - a potion of agility
 m - 4 potions of lignification {!q}
 r - 3 potions of curing
 w - a potion of flight
 z - a potion of magic
 A - a potion of brilliance
 B - a potion of berserk rage {!q}
 C - a potion of cancellation {unknown}
 E - a potion of heal wounds {unknown}
Books
 c - a book of Maledictions

   Spells                             Type                      Level
   a - Corona                         Hexes                        1
   b - Ensorcelled Hibernation        Hexes/Ice                    2
   c - Confuse                        Hexes                        3
   d - Tukima's Dance                 Hexes                        3
   e - Dazzling Spray                 Conjuration/Hexes            3
Comestibles
 d - 6 rations
 h - 3 chunks of flesh


   Skills:
 + Level 3.8 Short Blades
 - Level 2.1 Dodging
 * Level 6.0 Stealth
 - Level 3.0 Spellcasting
 + Level 2.2 Conjurations
 * Level 4.3 Hexes
 + Level 2.8 Ice Magic
 + Level 2.0 Invocations


You had one spell level left.
You knew the following spells:

 Your Spells              Type           Power        Failure   Level  Hunger
a - Corona                Hex            ###....      3%          1    None
b - Ensorcelled Hibernat  Hex/Ice        ##....       6%          2    ##.....
c - Confuse               Hex            ###.....     9%          3    ###....
d - Tukima's Dance        Hex            ###.....     9%          3    ###....
g - Dazzling Spray        Conj/Hex       ##....       14%         3    ###....


Dungeon Overview and Level Annotations

Branches:
Dungeon (6/15)             Temple (0/1) D:5

Altars:
Dithmenos
Trog
Vehumet
Lugonu

Shops:
D:5 *

Portals:
Abyss: D:1

Annotations:
D:1 dig


Innate Abilities, Weirdness & Mutations

You have a beak for a mouth.
You have claws for feet.
You can fly.


Message History

The ice beast freezes you!
You closely miss the ice beast.
The ice beast is almost dead.
Casting: Confuse
Confirm with . or Enter, or press ? or * to list all spells.
Aiming: Confuse
Press: ? - help, Shift-Dir - straight line, f/p - ice beast
Aim: an ice beast (almost dead, umbra, chance to defeat MR: 48%)
The ice beast resists with some effort.
The ice beast hits you but does no damage.
The bullfrog completely misses you.
Unknown command.
The bullfrog hits you!
* * * LOW HITPOINT WARNING * * *
The bullfrog hits you.
* * * LOW HITPOINT WARNING * * *
The ice beast hits you.
* * * LOW HITPOINT WARNING * * *
The ice beast freezes you.
You die...

#.##....# #... ##≈
#.###...###.# ≈≈ .
#...#....>..### .≈
b.
###.#...†.....##.
≈≈.
#.##......#....≈≈..
#.##..###[...#.b≈..
#.###..###.#...#
#........#..##.##≈≈
##...###.@#........
#...# ##YF...####.
#..#.# ##....#
...##.# #....# .###
#.# ##...# . ###
#...# #...# #####


You could see an ice beast, a bullfrog and a bat.

Vanquished Creatures
  An ice beast (D:6)
  2 ogres (D:4)
  The ghost of letownia2 the Ruffian, an amateur GrFi (D:3)
  A bullfrog (D:6)
  A scorpion (D:5)
  2 howler monkeys
  A crimson imp (D:5)
  A centaur skeleton (D:6)
  A hound (D:4)
  A gnoll shaman (D:4)
  2 iguanas
  An orc wizard (D:1)
  2 worker ants
  A hound skeleton (D:6)
  6 gnolls (D:5)
  6 adders
  A river rat (D:6)
  A shadow imp (D:6)
  4 oozes
  2 adder skeletons
  2 worms
  A dart slug (D:4)
  4 leopard geckos
  12 orcs
  9 bats
  9 giant cockroaches
  4 goblins
  11 hobgoblins
  2 jackals (D:5)
  6 kobolds
  A quokka (D:3)
  3 ball pythons
  A frilled lizard (D:3)
  9 rats
112 creatures vanquished.

Vanquished Creatures (others)
  A dancing weapon (D:5)
  An adder (D:2)
  A hobgoblin (D:2)
3 creatures vanquished.

Grand Total: 115 creatures vanquished

Notes
Turn   | Place    | Note
-------+----------+-------------------------------------------
     0 | D:1      | mopl the Tengu Enchanter began the quest for the Orb.
     0 | D:1      | Reached XP level 1. HP: 10/10 MP: 4/4
    42 | D:1      | Found a one-way gate to the infinite horrors of the Abyss.
    42 | D:1      | Noticed an iron imp
    42 | D:1      | Noticed an iron imp
    44 | D:1      | Noticed an iron imp
    44 | D:1      | Noticed an iron imp
    45 | D:1      | Noticed a quasit
    48 | D:1      | Found a corrupted altar of Lugonu.
   104 | D:1      | Reached XP level 2. HP: 10/15 MP: 1/6
   117 | D:1      | Learned a level 2 spell: Ensorcelled Hibernation
   427 | D:1      | Reached XP level 3. HP: 16/19 MP: 7/7
   432 | D:1      | Learned a level 3 spell: Confuse
  1180 | D:2      | Found a radiant altar of Vehumet.
  1264 | D:1      | Reached XP level 4. HP: 11/24 MP: 1/8
  1436 | D:2      | Reached skill level 2 in Short Blades
  2002 | D:3      | Gained mutation: You can fly. [Tengu growth]
  2002 | D:3      | Reached XP level 5. HP: 27/28 MP: 6/9
  2010 | D:3      | Noticed letownia2's ghost (amateur GrFi)
  2018 | D:3      | Killed letownia2's ghost
  2018 | D:3      | Reached skill level 4 in Stealth
  2018 | D:3      | Reached skill level 3 in Hexes
  2018 | D:3      | Reached skill level 1 in Ice Magic
  2077 | D:3      | Learned a level 3 spell: Tukima's Dance
  2359 | D:3      | Found a shadowy altar of Dithmenos.
  2367 | D:3      | Became a worshipper of Dithmenos the Shadowed
  2925 | D:4      | Reached XP level 6. HP: 31/32 MP: 8/11
  3184 | D:4      | Found the +3 crown of Dyrovepreva {rElec Int+2 SInv}
  3486 | D:4      | Found a shadowy altar of Dithmenos.
  3532 | D:4      | Reached skill level 3 in Short Blades
  3898 | D:5      | Entered Level 5 of the Dungeon
  3916 | D:5      | Reached XP level 7. HP: 36/36 MP: 7/12
  4005 | D:5      | Reached * piety under Dithmenos
  4005 | D:5      | Reached skill level 5 in Stealth
  4005 | D:5      | Reached skill level 3 in Spellcasting
  4005 | D:5      | Reached skill level 2 in Ice Magic
  4005 | D:5      | Reached skill level 1 in Invocations
  4234 | D:5      | Learned a level 3 spell: Dazzling Spray
  4257 | D:5      | Found a staircase to the Ecumenical Temple.
  4338 | D:4      | Reached skill level 1 in Conjurations
  4522 | D:5      | Found Jeigekh's General Store.
  4541 | D:5      | Bought a scroll of fear for 52 gold pieces
  4541 | D:5      | Bought a scroll of amnesia for 52 gold pieces
  4863 | D:6      | Found a bloodstained altar of Trog.
  4868 | D:6      | Reached skill level 4 in Hexes
  4952 | D:6      | Reached XP level 8. HP: 28/41 MP: 2/13
  4982 | D:6      | Reached skill level 2 in Conjurations
  5020 | D:6      | Reached skill level 2 in Invocations
  5050 | D:6      | Reached skill level 6 in Stealth
  5084 | D:6      | Slain by an ice beast

Skill      XL: |  1  2  3  4  5  6  7  8 |
---------------+-------------------------+-----
Short Blades   | 2 3 |  3.8
Stealth        | 4 5 6 |  6.0
Hexes          | 3 4 |  4.3
Ice Magic      | 1 2 |  2.8
Spellcasting   | 3 |  3.0
Invocations    | 1 2 |  2.0
Conjurations   | 1 2 |  2.2
Dodging        | |  2.1

Action                   |  1- 3 |  4- 6 |  7- 9 || total
-------------------------+-------+-------+-------++-------
Melee: Dagger            |    55 |   125 |   113 ||   293
       Kick              |     9 |    25 |    28 ||    62
       Peck              |     3 |    12 |    19 ||    34
 Cast: Corona            |     6 |       |       ||     6
       Ensorcelled Hiber |    10 |    24 |    21 ||    55
       Confuse           |       |     2 |     9 ||    11
       Tukima's Dance    |       |     1 |     1 ||     2
 Abil: Fly               |       |       |     2 ||     2
  Use: Scroll            |       |     5 |     2 ||     7
 Stab: Sleeping          |    10 |    26 |    18 ||    54
       Confused          |       |     2 |     4 ||     6
       Distracted        |       |     1 |       ||     1
  Eat: Chunk             |     2 |    10 |     7 ||    19
Armor: Robe              |    22 |    18 |    20 ||    60
Dodge: Dodged            |    51 |    78 |    74 ||   203
